 Dungeon Crawl Stone Soup version 0.25-b1-39-g0d900dab71 (webtiles) character file.

Game seed: 11125461541574522893

102 gruber the Poker (level 4, -2/40 HPs)
             Began as a Centaur Chaos Knight on June 7, 2020.
             Was a Plaything of Xom.
             Slain by Grinder (5 damage)
             ... on level 3 of the Dungeon.
             The game lasted 00:01:57 (2164 turns).

gruber the Poker (Centaur Chaos Knight)             Turns: 2164, Time: 00:01:58

Health: -2/40      AC:  6    Str: 22    XL:     4   Next: 49%
Magic:  4/4        EV:  9    Int: 11    God:    Xom [..*...]
Gold:   132        SH:  0    Dex: 14    Spells: 3/3 levels left

rFire    . . .     SeeInvis .   a - +0 spear (chaos)
rCold    . . .     Gourm    .   (no shield)
rNeg     . . .     Faith    .   b - +2 leather armour
rPois    .         Spirit   .   (no helmet)
rElec    .         Reflect  .   (no cloak)
rCorr    .         Harm     .   (no gloves)
MR       .....                  (no barding)
Stlth    +.........             (no amulet)
HPRegen  0.13/turn              g - +6 ring of strength
MPRegen  0.09/turn              m - +6 ring of dexterity

@: very slightly contaminated, invisible, very quick
A: large, hooves 3, deformed body, speed 2, tough skin 3
a: Renounce Religion


You were on level 3 of the Dungeon.
You worshipped Xom.
You were a toy of Xom.
You were not hungry.

You visited 1 branch of the dungeon, and saw 3 of its levels.

You collected 132 gold pieces.

Inventory:

Hand Weapons
 a - a +0 spear of chaos (weapon)
Armour
 b - a +2 leather armour (worn)
Jewellery
 g - a +6 ring of strength (left hand)
 i - an uncursed ring of protection from magic
 m - a +6 ring of dexterity (right hand)
Scrolls
 f - 3 scrolls of teleportation {unknown}
 h - 3 scrolls of identify {unknown}
 l - a scroll of amnesia {unknown}
 o - 2 scrolls of remove curse {unknown}
Potions
 e - a potion of brilliance {unknown}
 j - a potion of degeneration {unknown}
 k - 4 potions of curing {unknown}
 n - 2 potions of haste
Comestibles
 c - 6 rations
 d - 7 chunks of flesh


   Skills:
 * Level 4.1 Fighting
 - Level 4.1 Polearms
 - Level 1.3 Armour
 - Level 0.6 Dodging


You had 3 spell levels left.
You didn't know any spells.
Your spell library was empty.

Dungeon Overview and Level Annotations

Branches:
Dungeon (3/15)

Altars:

Annotations:
D:3 Grinder


Innate Abilities, Weirdness & Mutations

You have hooves in place of feet.
Armour fits poorly on your strangely shaped body.
You cover ground very quickly.
You have extremely tough skin. (AC +3)


Message History

Grinder hits you.
* * * LOW HITPOINT WARNING * * *
You writhe in agony.
* * * LOW HITPOINT WARNING * * *
Grinder hits you but does no damage.
You can move again.
Unknown command.
Unknown command.
Unknown command.
Unknown command.
You are too injured to fight recklessly!
You are too injured to fight recklessly!
You are too injured to fight recklessly!
You are too injured to fight recklessly!
You barely miss Grinder. Your kick misses Grinder.
Grinder is almost dead.
Grinder hits you.
* * * LOW HITPOINT WARNING * * *
You writhe in agony.
You die...

##.###.#.#..# ##.#
).).#......### ##..###
....).........##.....##
......................##
.......................#
.......................#
.......................#
...............§§§.....#
...............5@......#
................§§.....#
......................##
..#.#.........##.....##
#.#.#........# #######
#...#........
.......>.....
..###....... ..# .....


You could see Grinder.

Vanquished Creatures
  An orc priest (D:3)
  2 worms (D:2)
  A dart slug (D:1)
  3 leopard geckos
  6 orcs (D:3)
  7 bats
  5 goblins
  7 hobgoblins
  6 jackals
  A quokka (D:2)
  A ball python (D:1)
  5 frilled lizards
  2 kobolds (D:1)
  5 rats
52 creatures vanquished.

Notes
Turn   | Place    | Note
-------+----------+-------------------------------------------
     0 | D:1      | gruber the Centaur Chaos Knight began the quest for the
                  | Orb.
     0 | D:1      | Reached XP level 1. HP: 19/19 MP: 1/1
   125 | D:1      | Reached XP level 2. HP: 26/26 MP: 2/2
   220 | D:1      | XOM: silly message
   765 | D:2      | XOM: enchant monster (bad)
   900 | D:2      | Reached XP level 3. HP: 31/31 MP: 3/3
   906 | D:2      | XOM: noise
   916 | D:2      | XOM: torment (17/31 hp)
  1249 | D:2      | XOM: noise
  1251 | D:2      | XOM: silly message
  1341 | D:2      | XOM: noise
  1623 | D:2      | XOM: silly message
  1643 | D:2      | XOM: silly message
  1727 | D:3      | XOM: divination: magic mapping
  1733 | D:3      | XOM: potion effect (berserk rage)
  1817 | D:3      | Reached XP level 4. HP: 23/40 MP: 4/4
  1934 | D:3      | XOM: silly message
  2129 | D:3      | Noticed Grinder
  2138 | D:3      | XOM: potion effect (invisibility)
  2145 | D:3      | Paralysed by Grinder for 6 turns
  2159 | D:3      | Paralysed by Grinder for 4 turns
  2161 | D:3      | XOM: smoke on damage
  2164 | D:3      | Slain by Grinder

Illustrated notes

Levels and vault maps discovered:
D:1:      giann_horns, layout_rooms
D:2:      layout_basic
D:3:      layout_rooms, tgw_sif, lemuel_crystal_altar, first_ration,
          uniq_grinder

Skill      XL: |  1  2  3 |
---------------+----------+-----
Polearms       | 3 4 |  4.1
Fighting       | 4 |  4.1
Armour         | |  1.3
Dodging        | |  0.6

Action                   |  1- 3 |  4- 6 || total
-------------------------+-------+-------++-------
Melee: Spear             |   144 |    18 ||   162
       Kick              |    22 |     3 ||    25
  Eat: Chunk             |     2 |     1 ||     3
Armor: Leather armour    |    40 |     3 ||    43
Dodge: Dodged            |    51 |     1 ||    52
